 Dungeon Crawl Stone Soup version 0.28.0 (webtiles) character file.

Game seed: 12273980434668141951

81 crazypyro the Skirmisher (level 4, -1/48 HPs)
             Began as an Ogre Wanderer on Feb 16, 2022.
             Killed by nerve-wracking pain
             ... invoked by Grinder
              (14 damage)
             ... on level 2 of the Dungeon.
             The game lasted 00:03:36 (2709 turns).

crazypyro the Skirmisher (Ogre Wanderer)            Turns: 2709, Time: 00:03:36

Health: -1/48      AC:  3    Str: 17    XL:     4   Next: 40%
Magic:  7/7        EV:  6    Int: 14    God:
Gold:   119        SH: 11    Dex:  8    Spells: 7/8 levels left

rFire   . . .      SeeInvis +   a - +3 dagger
rCold   . . .      Faith    .   f - +2 tower shield
rNeg    . . .      Spirit   .   c - +0 robe
rPois   .          Reflect  .   (helmet restricted)
rElec   .          Harm     .   (no cloak)
rCorr   .          Rampage  .   (gloves unavailable)
Will    .....                   (boots unavailable)
Stlth   +.........              (no amulet)
HPRegen 0.16/turn               d - ring of see invisible
MPRegen 0.10/turn               (no ring)

@: no status effects
A: large, unfitting armour, tough skin 1
a: no special abilities


You were on level 2 of the Dungeon.
You visited 1 branch of the dungeon, and saw 3 of its levels.

You collected 119 gold pieces.

Inventory:

Hand Weapons
 a - a +3 dagger (weapon)
 i - a +0 hunting sling
Missiles
 b - 3 curare-tipped darts
 j - 3 javelins (quivered)
 l - 6 poisoned darts
Armour
 c - a +0 robe (worn)
 f - a +2 tower shield (worn)
Jewellery
 d - a ring of see invisible (left hand)
Wands
 m - a wand of flame (10)
Scrolls
 h - a scroll of teleportation {unknown}
 k - a scroll of holy word {unknown}
 n - a scroll of noise {unknown}
Potions
 e - 2 potions of berserk rage
 g - a potion of heal wounds {unknown}
 o - a potion of resistance {unknown}


   Skills:
 - Level 4.0 Fighting
 + Level 1.9 Maces & Flails
 - Level 3.0 Throwing
 + Level 1.9 Dodging
 + Level 2.6 Spellcasting
 - Level 2.6 Hexes


You had 7 spell levels left.
You knew the following spells:

 Your Spells              Type           Power      Damage    Failure   Level
a - Slow                  Hex            36%        N/A       56%         1

Your spell library contained the following spells:

 Spells                   Type           Power      Damage    Failure   Level
 Corpse Rot               Necr/Air       2%         N/A       97%         2
 Summon Guardian Golem    Hex/Summ       5%         N/A       98%         3
 Dispel Undead            Necr           1%         3d6       100%        4
 Death Channel            Necr           0%         N/A       100%        6


Dungeon Overview and Level Annotations

Branches:
Dungeon (3/15)

Altars:

Shops:
D:2 !

Annotations:
D:2 Grinder
D:3 Sigmund


Innate Abilities, Weirdness & Mutations

You are too large for most types of armour.
You have tough skin. (AC +1)


Message History

A quokka comes into view.
There is a stone staircase leading up here.
You climb upwards.
There is a stone staircase leading down here.
Done exploring.
You climb downwards.
Level annotation: Grinder, Sigmund You block Sigmund's attack.
There is a stone staircase leading up here.
You closely miss the quokka. You block the quokka's attack.
Sigmund hits you from afar with a +0 scythe.
You hit the quokka but do no damage. The quokka closely misses you.
You block the quokka's attack. You block Sigmund's attack.
You hit the quokka.
The quokka is severely wounded.
You block the quokka's attack. You block Grinder's attack.
The quokka bites you.
Sigmund hits you from afar with a +0 scythe!
You barely miss the quokka.
The quokka is severely wounded.
You block Grinder's attack. The quokka bites you. Grinder hits you.
You writhe in agony.
Sigmund hits you from afar with a +0 scythe.
The quokka bites you. You block Grinder's attack.
You climb upwards.
There is a stone staircase leading down here.
You barely miss the quokka.
The quokka is severely wounded.
The quokka bites you.
* * * LOW HITPOINT WARNING * * *
Grinder barely misses you. You block the quokka's attack.
You barely miss the quokka.
The quokka is severely wounded.
The quokka bites you but does no damage.
Grinder barely misses you.
You hit the quokka.
You kill the quokka!
Grinder gestures at you. Pain shoots through your body!
You die...

#.....# #.###.# ###############.#
#.# #.......#.......# #.# ###
#.......#.#########.## ..#
#...#+#.#.########.... ..###
#...#.#.#.##......###. ..+.#
#...#5#.#.##.......... ..#.#
#...#@#.'.##..........
#...########...†.≈.####).........
........)......'.≈.........>.....
.......##......#∩######......#...
..÷....##......#.# #......#...
.......##...)..#.# #......####
.......##......#'#### #......#
.......##...........# #...>..#
..#######.#.........##########


You could see Grinder.

Vanquished Creatures
  2 adders (D:3)
  4 dart slugs (D:1)
  An orc (D:3)
  5 ball pythons
  4 endoplasms
  A giant cockroach (D:2)
  8 goblins
  A hobgoblin (D:3)
  4 quokkas
  6 bats
  6 frilled lizards
  7 kobolds
  6 rats
55 creatures vanquished.

Notes
Turn   | Place    | Note
-------+----------+-------------------------------------------
     0 | D:1      | crazypyro the Ogre Wanderer began the quest for the Orb.
     0 | D:1      | crazypyro set off with the following items: a +3 dagger, 4
                  | curare-tipped darts, a +0 robe; and the following spell
                  | memorised: Slow; and the following spells available to
                  | memorise: Summon Guardian Golem
     0 | D:1      | Reached XP level 1. HP: 24/24 MP: 2/2
   334 | D:1      | Reached XP level 2. HP: 32/32 MP: 4/4
   432 | D:1      | Reached skill level 1 in Maces & Flails
   432 | D:1      | Reached skill level 1 in Dodging
   982 | D:1      | Reached XP level 3. HP: 35/39 MP: 5/5
  1069 | D:1      | Found a faded altar of an unknown god.
  1505 | D:2      | Found Vaol's Distillery.
  2066 | D:3      | Reached XP level 4. HP: 38/48 MP: 7/7
  2681 | D:3      | Noticed Grinder
  2682 | D:3      | Noticed Sigmund
  2709 | D:2      | Killed from afar by Grinder

Illustrated notes

Levels and vault maps discovered:
D:1:      lightli_arrival_lavapool, layout_basic,
          shapermc_ecumenical_altar_petra
D:2:      layout_basic, serial_shops, nicolae_shop_hallway_stairs,
          kennysheep_generic_room_15
D:3:      layout_loops_corners, minmay_diced_spiral, uniq_sigmund, uniq_grinder

Skill      XL: |  1  2  3 |
---------------+----------+-----
Maces & Flails | 1 |  1.9
Dodging        | 1 |  1.9
Spellcasting   | 2 |  2.6
Fighting       | |  4.0
Throwing       | |  3.0
Hexes          | |  2.6

Action                   |  1- 3 |  4- 6 || total
-------------------------+-------+-------++-------
Melee: Dagger            |   111 |    39 ||   150
Throw: Dart              |     2 |       ||     2
       Javelin           |    23 |       ||    23
  Use: Scroll            |     3 |       ||     3
Armor: Robe              |    36 |    15 ||    51
Dodge: Dodged            |    34 |     9 ||    43
Block: Tower shield      |    58 |    19 ||    77
